 Dungeon Crawl Stone Soup version 0.21.1-1-g345015f (webtiles) character file.

1528 inc the Nimble (level 8, -6/52 HPs)
             Began as an Octopode Chaos Knight on June 16, 2018.
             Mangled by an orc warrior
             ... wielding a +0 flail
              (16 damage)
             ... on level 7 of the Dungeon.
             The game lasted 00:09:58 (6539 turns).

inc the Nimble (Octopode Chaos Knight)              Turns: 6539, Time: 00:09:59

Health: -6/52      AC:  4    Str: 11    XL:     8   Next: 85%
Magic:  8/8        EV: 21    Int: 19    God:    Xom [...*..]
Gold:   87         SH:  5    Dex: 13    Spells: 7/7 levels left

rFire    . . .     SeeInvis .   w - +7 war axe of Gravity {venom, +Fly Int+4}
rCold    . . .     Gourm    .   f - +0 buckler
rNeg     . . .     Faith    .   x - +1 hat
rPois    .         Spirit   .   (no amulet)
rElec    .         Reflect  .   c - ring of wizardry
rCorr    .         Harm     .   h - +3 ring of evasion
MR       .....                  i - ring of stealth
Stlth    +++.......             p - +2 ring of protection
HPRegen  0.17/turn              (no ring)
MPRegen  0.11/turn              (no ring)
                                (no ring)
                                (no ring)

@: no status effects
A: almost no armour, stealthy swim, amphibious, 8 rings, constrict 8, camouflage
1, gelatinous body 1
a: Renounce Religion, Evoke Flight


You were on level 7 of the Dungeon.
You worshipped Xom.
You were a favourite toy of Xom.
You were not hungry.

You visited 1 branch of the dungeon, and saw 7 of its levels.

You collected 291 gold pieces.
You spent 204 gold pieces at shops.

Inventory:

Hand Weapons
 a - a +0 hand axe of chaos
 n - a +0 war axe
 w - the +7 war axe of Gravity (weapon) {venom, +Fly Int+4}
   (You bought it in a shop on level 5 of the Dungeon)

   It poisons the flesh of those it strikes.
   It affects your intelligence (+4).
   It lets you fly.
Armour
 f - a +0 buckler (worn)
 x - a +1 hat (worn)
Jewellery
 c - a ring of wizardry (left tentacle)
 h - a +3 ring of evasion (right tentacle)
 i - a ring of stealth (on tentacle)
 p - a +2 ring of protection (on tentacle)
Scrolls
 d - 3 scrolls of identify
 e - 2 scrolls of enchant armour {unknown}
 g - 2 scrolls of fog {unknown}
 j - a scroll of blinking {unknown}
 l - a scroll of remove curse {unknown}
 o - a scroll of random uselessness {unknown}
 q - 4 scrolls of teleportation {unknown}
 r - a scroll of immolation {unknown}
 t - 2 scrolls of magic mapping {unknown}
 v - a scroll of fear {unknown}
Potions
 m - 2 potions of berserk rage
 s - a potion of might
 u - 2 potions of curing
Books
 k - a book of Cantrips

   Spells                             Type                      Level
   a - Confusing Touch                Hexes                        1
   b - Animate Skeleton               Necromancy                   1
   c - Summon Small Mammal            Summoning                    1
   d - Apportation                    Translocation                1
Comestibles
 b - 12 rations


   Skills:
 - Level 3.0 Fighting
 - Level 3.0 Axes
 + Level 9.0 Dodging
 - Level 6.2 Shields


You had 7 spell levels left.
You didn't know any spells.

Dungeon Overview and Level Annotations

Branches:
Dungeon (7/15)             Temple (0/1) D:4

Altars:
Ashenzari
Gozag
Hepliaklqana
Nemelex Xobeh
Okawaru
Qazlal
Ru
Uskayaw
Vehumet

Shops:
D:5 *


Innate Abilities, Weirdness & Mutations

You cannot wear most types of armour.
You are very stealthy in the water. (Stealth+)
You are amphibious.
You can wear up to eight rings at the same time.
You can use your tentacles to constrict eight enemies at once.
Your skin changes colour to match your surroundings (Stealth+).
Your rubbery body absorbs attacks. (AC +1, EV +1)


Message History

You squeeze the orc warrior, but do no damage.
The orc warrior is moderately wounded.
You barely miss the orc priest. You constrict the orc warrior.
The orc warrior closely misses you. The orc priest closely misses you.
You hit the orc warrior.
The orc warrior looks as sick as possible!
The orc warrior is heavily wounded.
You hit the orc priest.
You constrict the orc warrior, but do no damage.
The orc warrior hits you with a flail!
* * * LOW HITPOINT WARNING * * *
The orc priest completely misses you.
Okay, then.
You hit the orc priest.
The orc priest is poisoned.
You grab the orc priest.
The orc priest is heavily wounded.
You hit the orc warrior but do no damage.
The orc warrior looks as sick as possible!
You constrict the orc warrior, but do no damage.
You constrict the orc priest. The orc warrior hits you with a flail!
You die...

#..#####.##.#######.
#...........#
##.#####..#.#
#.######.#.#
#.......%..#
########.### #.# #>#
#@# ......oo#
#########


You could see an orc warrior and an orc priest.

Vanquished Creatures
  Eustachio (D:4)
  A sky beast (D:5)
  2 ogres
  6 bullfrogs
  A scorpion (D:5)
  6 killer bees (D:7)
  A jelly (D:5)
  A hound (D:5)
  An orc priest (D:5)
  2 orc wizards (D:5)
  4 worker ants
  A hound skeleton (D:5)
  6 adders
  A shadow imp (D:6)
  2 oozes
  An adder skeleton (D:4)
  A worm (D:3)
  4 leopard geckos
  14 orcs
  2 ball pythons
  4 giant cockroaches
  6 goblins
  5 hobgoblins
  8 jackals
  3 quokkas
  7 bats
  5 frilled lizards
  A giant cockroach zombie (D:5)
  5 kobolds
  A leopard gecko skeleton (D:5)
  2 quokka zombies
  20 rats
125 creatures vanquished.

Vanquished Creatures (collateral kills)
  An orc (D:2)
1 creature vanquished.

Vanquished Creatures (others)
  A bush (D:2)
1 creature vanquished.

Grand Total: 127 creatures vanquished

Notes
Turn   | Place    | Note
-------+----------+-------------------------------------------
     0 | D:1      | inc the Octopode Chaos Knight began the quest for the Orb.
     0 | D:1      | Reached XP level 1. HP: 16/16 MP: 1/1
    57 | D:1      | Reached skill level 3 in Dodging
    57 | D:1      | Reached XP level 2. HP: 7/21 MP: 2/2
   412 | D:1      | XOM: cloud trail
   671 | D:1      | Reached XP level 3. HP: 26/26 MP: 3/3
   744 | D:1      | XOM: harmless Summ miscast
   931 | D:2      | Reached skill level 1 in Shields
  1274 | D:2      | Noticed a hand axe
  1274 | D:2      | Noticed a hand axe
  1277 | D:2      | Found a hide-covered altar of Uskayaw.
  1340 | D:2      | Found a stormy altar of Qazlal.
  1452 | D:2      | Reached XP level 4. HP: 18/31 MP: 4/4
  1796 | D:2      | XOM: silly message
  2203 | D:3      | XOM is BORED!
  2203 | D:3      | XOM: mild Tmut miscast
  2733 | D:3      | Found a radiant altar of Vehumet.
  2775 | D:3      | XOM: harmless Summ miscast
  2987 | D:4      | XOM: harmless Tmut miscast
  3027 | D:4      | Found the +3 robe of Folly {Archmagi, MR-- Int+5}
  3064 | D:4      | Reached XP level 5. HP: 32/36 MP: 5/5
  3271 | D:4      | Found a staircase to the Ecumenical Temple.
  3354 | D:4      | Noticed Eustachio
  3369 | D:4      | Killed Eustachio
  3369 | D:4      | Reached skill level 5 in Shields
  3369 | D:4      | Reached XP level 6. HP: 40/42 MP: 6/6
  3593 | D:4      | XOM: scenery: 1 doors open, 1 doors close
  3851 | D:5      | Entered Level 5 of the Dungeon
  3877 | D:5      | Noticed a sky beast
  3878 | D:5      | XOM: potion effect (might)
  3881 | D:5      | XOM: divination: detect creatures
  3886 | D:5      | Killed a sky beast
  3886 | D:5      | Reached XP level 7. HP: 28/46 MP: 7/7
  3955 | D:5      | XOM: noise
  4011 | D:5      | Reached skill level 4 in Dodging
  4072 | D:5      | XOM: mild Summ miscast
  4081 | D:5      | XOM: enchant monster (bad)
  4359 | D:5      | Found a shattered altar of Ashenzari.
  4888 | D:5      | XOM: god gift: scroll labeled ADADOPLACEA {god gift}
  4947 | D:5      | Found Foyl Ora's Assorted Antiques.
  4954 | D:5      | Reached skill level 5 in Dodging
  5025 | D:5      | Found a sacrificial altar of Ru.
  5107 | D:5      | XOM: cloud trail
  5204 | D:6      | Reached skill level 6 in Dodging
  5204 | D:6      | Reached XP level 8. HP: 8/52 MP: 8/8
  5481 | D:6      | Found an opulent altar of Gozag.
  5593 | D:6      | XOM is BORED!
  5593 | D:6      | XOM: summons 1 hostile demon
  5647 | D:6      | XOM: fake destruction
  5652 | D:6      | Reached skill level 7 in Dodging
  5724 | D:5      | Bought a scorched war axe for 204 gold pieces
  5724 | D:5      | Identified the +7 war axe of Gravity {venom, +Fly Int+4} (You bought it in a shop on level 5 of the Dungeon)
  6015 | D:6      | You fall through a shaft!
  6015 | D:7      | Noticed an orc sorcerer
  6015 | D:7      | Noticed a wizard
  6036 | D:7      | Found a hazy altar of Hepliaklqana.
  6067 | D:7      | Found an iron altar of Okawaru.
  6068 | D:7      | Found a sparkling altar of Nemelex Xobeh.
  6070 | D:7      | XOM: harmless Summ miscast
  6096 | D:7      | Reached skill level 8 in Dodging
  6153 | D:7      | Reached skill level 9 in Dodging
  6495 | D:7      | XOM: 3-stop teleportation journey
  6539 | D:7      | Mangled by an orc warrior

Skill      XL: |  1  2  3  4  5  6  7  8 |
---------------+-------------------------+-----
Dodging        | 3 6 9 |  9.0
Shields        | 2 3 5 6 |  6.2
Fighting       | |  3.0
Axes           | |  3.0

Action                   |  1- 3 |  4- 6 |  7- 9 || total
-------------------------+-------+-------+-------++-------
Melee: Hand axe          |    99 |     1 |       ||   100
       Constrict         |    21 |    16 |    26 ||    63
       Tentacles         |    11 |    16 |    18 ||    45
       War axe           |       |    82 |   105 ||   187
  Use: Potion            |     1 |       |     1 ||     2
       Scroll            |       |     2 |       ||     2
 Stab: Sleeping          |     4 |     9 |    14 ||    27
       Confused          |     1 |       |       ||     1
  Eat: Chunk             |     1 |     8 |     5 ||    14
       Ration            |       |       |     1 ||     1
Armor: Skin              |     6 |    14 |    12 ||    32
Dodge: Dodged            |    50 |    70 |    84 ||   204
Block: Buckler           |     8 |    21 |    28 ||    57
